| TOP OF THE 1ST |
|
Los Angeles Dodgers batting - Pitching for Colorado Rockies : RHP Vince Scripp
|
|
Pitching: RHP Vince Scripp
|
|
|
Batting: SHB Joel Baker
|
0-0: Swinging Strike 0-1: Ground out 5-3 (Groundball, 56, EV 79.4 MPH)
|
|
Batting: RHB Wing-kit Bu
|
0-0: Ball 1-0: Called Strike 1-1: Ground out 4-3 (Groundball, 4, EV 86.2 MPH)
|
|
Batting: LHB Lirak Bazhunaishvili
|
0-0: Ball 1-0: Called Strike 1-1: Ball 2-1: Ball 3-1: Base on Balls
|
|
Batting: SHB Shane Marcum
|
0-0: Ball 1-0: Called Strike 1-1: Foul Ball, location: 2F 1-2: Strikes out looking
|
| Top of the 1st over - 0 runs, 0 hits, 0 errors, 1 left on base; Los Angeles 0 - Colorado 0 |
| BOTTOM OF THE 1ST |
|
Colorado Rockies batting - Pitching for Los Angeles Dodgers : RHP Justin Scheithauer
|
|
Pitching: RHP Justin Scheithauer
|
|
|
Batting: LHB Freddy Troncoso
|
0-0: Ball 1-0: Called Strike 1-1: Ball 2-1: Called Strike 2-2: Ball 3-2: Strikes out swinging
|
|
Batting: RHB Joel Haycock
|
0-0: Ball 1-0: Called Strike 1-1: SINGLE (Line Drive, 78S, EV 95.0 MPH)
|
|
Batting: LHB Michael Krott
|
0-0: Ball 1-0: Ball 2-0: Ball 3-0: Base on Balls Joel Haycock to second
|
|
Batting: RHB Jason Andrews
|
0-0: Called Strike 0-1: Grounds into double play, 6-4-3 (Groundball, 6, EV 94.4 MPH)
|
| Bottom of the 1st over - 0 runs, 1 hit, 0 errors, 1 left on base; Los Angeles 0 - Colorado 0 |
| TOP OF THE 2ND |
|
Los Angeles Dodgers batting - Pitching for Colorado Rockies : RHP Vince Scripp
|
|
Batting: RHB Danny Dyer
|
0-0: Swinging Strike 0-1: DOUBLE (Line Drive, 89D, EV 108.1 MPH)
|
|
Batting: RHB Ben Mischnick
|
0-0: Foul Ball, location: 2F 0-1: Ball 1-1: 2-RUN HOME RUN (Flyball, 9LD, EV 93.1 MPH), Distance : 356 ft
|
|
Batting: RHB John Piccolo
|
0-0: Fly out, F8 (Flyball, 8LXD, EV 86.9 MPH)
|
|
Batting: RHB Leonardo Nava
|
0-0: Called Strike 0-1: Ball 1-1: Ground out U3 (Groundball, 3L, EV 77.5 MPH)
|
|
Batting: RHB Theo Schepers
|
0-0: Ball 1-0: SINGLE (Groundball, 56, EV 100.0 MPH) (infield hit)
|
|
Batting: SHB Joel Baker
|
0-0: Ball 1-0: Called Strike 1-1: Fly out, F7 (Line Drive, 7S, EV 98.8 MPH)
|
| Top of the 2nd over - 2 runs, 3 hits, 0 errors, 1 left on base; Los Angeles 2 - Colorado 0 |
| BOTTOM OF THE 2ND |
|
Colorado Rockies batting - Pitching for Los Angeles Dodgers : RHP Justin Scheithauer
|
|
Batting: RHB Henry Alvizo
|
0-0: Ball 1-0: Ball 2-0: Ball 3-0: Called Strike 3-1: Base on Balls
|
|
Batting: SHB Andy Vivas
|
0-0: Swinging Strike 0-1: Foul Ball, location: 2F 0-2: Ball 1-2: Ball 2-2: Foul Ball, location: 2F 2-2: Foul Ball, location: 2F 2-2: Foul Ball, location: 2F 2-2: Foul Ball, location: 2F 2-2: Strikes out swinging
|
|
Batting: SHB Jon Munoz
|
0-0: 2-RUN HOME RUN (Flyball, 89XD, EV 106.9 MPH), Distance : 424 ft
|
|
Batting: LHB Greg Valenzuela
|
0-0: Ball 1-0: Called Strike 1-1: Hit by Pitch
|
|
Batting: RHB Eduardo Camacho
|
0-0: Called Strike Greg Valenzuela is caught stealing 2nd base 2-4 0-1: Ball 1-1: Ball 2-1: Foul Ball, location: 2F 2-2: Strikes out swinging
|
| Bottom of the 2nd over - 2 runs, 1 hit, 0 errors, 0 left on base; Los Angeles 2 - Colorado 2 |
| TOP OF THE 3RD |
|
Los Angeles Dodgers batting - Pitching for Colorado Rockies : RHP Vince Scripp
|
|
Batting: RHB Wing-kit Bu
|
0-0: SOLO HOME RUN (Line Drive, 9LD, EV 94.4 MPH), Distance : 345 ft
|
|
Batting: LHB Lirak Bazhunaishvili
|
0-0: Ball 1-0: Called Strike 1-1: Ball 2-1: DOUBLE (Groundball, 5L, EV 94.4 MPH)
|
|
Batting: SHB Shane Marcum
|
0-0: Ball 1-0: SINGLE (Line Drive, 7S, EV 104.4 MPH) Lirak Bazhunaishvili to third Runner from 3rd tries for Home, SAFE, throw by LF to home
|
|
Batting: RHB Danny Dyer
|
0-0: Ball 1-0: Foul Ball, location: 2F 1-1: Fly out, F9 (Flyball, 9, EV 86.2 MPH)
|
|
Batting: RHB Ben Mischnick
|
0-0: Ball 1-0: Fly out, F9 (Flyball, 89S, EV 90.0 MPH)
|
|
Batting: RHB John Piccolo
|
0-0: Called Strike 0-1: Ball 1-1: Foul Ball, location: 2F 1-2: Foul Ball, location: 2F 1-2: Foul Ball, location: 2F 1-2: Foul Ball, location: 2F 1-2: Ball 2-2: Ball 3-2: Ground out 6-3 (Groundball, 6, EV 88.8 MPH)
|
| Top of the 3rd over - 2 runs, 3 hits, 0 errors, 1 left on base; Los Angeles 4 - Colorado 2 |
| BOTTOM OF THE 3RD |
|
Colorado Rockies batting - Pitching for Los Angeles Dodgers : RHP Justin Scheithauer
|
|
Batting: LHB Freddy Troncoso
|
0-0: Ball 1-0: Foul Ball, location: 2F 1-1: Called Strike 1-2: Ball 2-2: Fly out, F8 (Flyball, 8LM, EV 88.1 MPH)
|
|
Batting: RHB Joel Haycock
|
0-0: Called Strike 0-1: Foul Ball, location: 2F 0-2: Strikes out swinging
|
|
Batting: LHB Michael Krott
|
0-0: Called Strike 0-1: SINGLE (Line Drive, 6D, EV 93.8 MPH)
|
|
Batting: RHB Jason Andrews
|
0-0: Swinging Strike 0-1: Called Strike 0-2: Ball 1-2: SINGLE (Line Drive, 4MD, EV 96.9 MPH) Michael Krott to second Runner from 2nd tries for 3rd, SAFE, no throw by CF
|
|
Batting: RHB Henry Alvizo
|
0-0: Called Strike 0-1: Fly out, F5 (Popup, 56, EV 80.0 MPH)
|
| Bottom of the 3rd over - 0 runs, 2 hits, 0 errors, 2 left on base; Los Angeles 4 - Colorado 2 |
| TOP OF THE 4TH |
|
Los Angeles Dodgers batting - Pitching for Colorado Rockies : RHP Vince Scripp
|
|
Batting: RHB Leonardo Nava
|
0-0: Called Strike 0-1: Ball 1-1: Ball 2-1: Called Strike 2-2: Ball 3-2: TRIPLE (Flyball, 78XD, EV 95.6 MPH)
|
|
Batting: RHB Theo Schepers
|
0-0: Called Strike 0-1: Foul Ball, location: 2F 0-2: Foul Ball, location: 2F 0-2: Strikes out swinging
|
|
Pinch Hitting: RHB Tim Nettles
|
0-0: Ball 1-0: Swinging Strike 1-1: Ball 2-1: Called Strike 2-2: Foul Ball, location: 2F 2-2: Ball 3-2: SINGLE (Flyball, 8RS, EV 91.9 MPH) Leonardo Nava scores
|
|
Pitching: LHP Ron Reardon
|
|
|
Batting: RHB Wing-kit Bu
|
0-0: Ball 1-0: Grounds into double play, 6-4-3 (Groundball, 6, EV 89.4 MPH)
|
| Top of the 4th over - 1 run, 2 hits, 0 errors, 0 left on base; Los Angeles 5 - Colorado 2 |
| BOTTOM OF THE 4TH |
|
Colorado Rockies batting - Pitching for Los Angeles Dodgers : RHP Justin Scheithauer
|
|
Now in CF: Tim Nettles
|
|
|
Batting: SHB Andy Vivas
|
0-0: Ball 1-0: Ball 2-0: Foul Ball, location: 2F 2-1: Called Strike 2-2: Strikes out swinging
|
|
Batting: SHB Jon Munoz
|
0-0: Foul Ball, location: 2F 0-1: Swinging Strike 0-2: Foul Ball, location: 2F 0-2: Strikes out looking
|
|
Batting: LHB Greg Valenzuela
|
0-0: Swinging Strike 0-1: Ball 1-1: Ground out 4-3 (Groundball, 4, EV 83.8 MPH)
|
| Bottom of the 4th over - 0 runs, 0 hits, 0 errors, 0 left on base; Los Angeles 5 - Colorado 2 |
| TOP OF THE 5TH |
|
Los Angeles Dodgers batting - Pitching for Colorado Rockies : LHP Ron Reardon
|
|
Pitching: RHP Nate Dallman
|
|
|
Now at 2B: Sterling Acosta
|
|
|
Now at SS: Chris Besselman
|
|
|
Batting: LHB Lirak Bazhunaishvili
|
0-0: Ball 1-0: Ball 2-0: Swinging Strike 2-1: Called Strike 2-2: Ball 3-2: Fly out, F7 (Line Drive, 7, EV 93.8 MPH)
|
|
Batting: SHB Shane Marcum
|
0-0: Ball 1-0: Ball 2-0: Called Strike 2-1: Fly out, F5 (Popup, 56, EV 69.4 MPH)
|
|
Batting: RHB Danny Dyer
|
0-0: Ground out 4-3 (Groundball, 4, EV 81.9 MPH)
|
| Top of the 5th over - 0 runs, 0 hits, 0 errors, 0 left on base; Los Angeles 5 - Colorado 2 |
| BOTTOM OF THE 5TH |
|
Colorado Rockies batting - Pitching for Los Angeles Dodgers : RHP Justin Scheithauer
|
|
Pitching: RHP Adonis Loyd
|
|
|
Batting: RHB Eduardo Camacho
|
0-0: Swinging Strike 0-1: Ball 1-1: Called Strike 1-2: Ball 2-2: Strikes out looking
|
|
Batting: LHB Freddy Troncoso
|
0-0: Ball 1-0: Called Strike 1-1: Called Strike 1-2: Foul Ball, location: 2F 1-2: Ball 2-2: Ball 3-2: Ground out 6-3 (Groundball, 6S, EV 84.4 MPH)
|
|
Pinch Hitting: LHB Steve Gilliam
|
0-0: Ball 1-0: Ball 2-0: Called Strike 2-1: Called Strike 2-2: Strikes out looking
|
| Bottom of the 5th over - 0 runs, 0 hits, 0 errors, 0 left on base; Los Angeles 5 - Colorado 2 |
| TOP OF THE 6TH |
|
Los Angeles Dodgers batting - Pitching for Colorado Rockies : RHP Nate Dallman
|
|
Pitching: RHP Tony Campos
|
|
|
Now at 1B: Steve Gilliam
|
|
|
Pinch Hitting: RHB Clay Buchanan
|
0-0: Fly out, F5 (Popup, 56S, EV 83.8 MPH)
|
|
Batting: LHB Steve Pond
|
0-0: Swinging Strike 0-1: Swinging Strike 0-2: Foul Ball, location: 2F 0-2: Strikes out swinging
|
|
Batting: RHB Leonardo Nava
|
0-0: Ball 1-0: SINGLE (Flyball, 5D, EV 87.5 MPH)
|
|
Batting: RHB Theo Schepers
|
0-0: Ball 1-0: Foul Ball, location: 2F 1-1: Ball 2-1: Ball 3-1: Base on Balls Leonardo Nava to second
|
|
Batting: RHB Tim Nettles
|
0-0: Ball 1-0: Called Strike 1-1: Foul Ball, location: 2F 1-2: Fielders Choice at 2nd, 6-4 (Groundball, 56, EV 83.1 MPH)
|
| Top of the 6th over - 0 runs, 1 hit, 0 errors, 2 left on base; Los Angeles 5 - Colorado 2 |
| BOTTOM OF THE 6TH |
|
Colorado Rockies batting - Pitching for Los Angeles Dodgers : RHP Adonis Loyd
|
|
Now at 3B: Leonardo Nava
|
|
|
Now at SS: Clay Buchanan
|
|
|
Batting: RHB Justin Williams
|
0-0: Ball 1-0: Swinging Strike 1-1: Called Strike 1-2: Ground out 6-3 (Groundball, 56, EV 103.1 MPH)
|
|
Batting: RHB Jason Andrews
|
0-0: Ball 1-0: Ball 2-0: Ball 3-0: Called Strike 3-1: Foul Ball, location: 2F 3-2: Base on Balls
|
|
Batting: RHB Sterling Acosta
|
0-0: Called Strike 0-1: Swinging Strike 0-2: Strikes out looking
|
|
Pinch Hitting: RHB Kevin Tangeman
|
0-0: Swinging Strike 0-1: Ball 1-1: Foul Ball, location: 2F 1-2: Ball 2-2: Ball 3-2: Foul Ball, location: 2F 3-2: Base on Balls Jason Andrews to second
|
|
Batting: SHB Chris Besselman
|
0-0: Ball 1-0: Ball Wild Pitch! Jason Andrews to third Kevin Tangeman to second 2-0: Called Strike 2-1: Foul Ball, location: 2F 2-2: Foul Ball, location: 2F 2-2: Strikes out swinging
|
| Bottom of the 6th over - 0 runs, 0 hits, 0 errors, 2 left on base; Los Angeles 5 - Colorado 2 |
| TOP OF THE 7TH |
|
Los Angeles Dodgers batting - Pitching for Colorado Rockies : RHP Tony Campos
|
|
Pitching: LHP Xu-gang Zhou
|
|
|
Now at 3B: Kevin Tangeman
|
|
|
Pinch Hitting: LHB Darrell Ortega
|
0-0: Ball 1-0: Called Strike 1-1: Ground out 4-3 (Groundball, 4, EV 104.4 MPH)
|
|
Pinch Hitting: LHB Juan Concepcion
|
0-0: Foul Ball, location: 2F 0-1: Swinging Strike 0-2: Ball 1-2: Ball 2-2: Ball 3-2: Foul Ball, location: 2F 3-2: Base on Balls
|
|
Batting: SHB Shane Marcum
|
0-0: Called Strike 0-1: Swinging Strike 0-2: Strikes out swinging
|
|
Batting: RHB Danny Dyer
|
0-0: Fly out, F9 (Line Drive, 89M, EV 85.6 MPH)
|
| Top of the 7th over - 0 runs, 0 hits, 0 errors, 1 left on base; Los Angeles 5 - Colorado 2 |
| BOTTOM OF THE 7TH |
|
Colorado Rockies batting - Pitching for Los Angeles Dodgers : RHP Adonis Loyd
|
|
Pitching: RHP Balinda Msrah
|
|
|
Now in LF: Darrell Ortega
|
|
|
Now in RF: Juan Concepcion
|
|
|
Batting: LHB Greg Valenzuela
|
0-0: Called Strike 0-1: Ball 1-1: Foul Ball, location: 2F 1-2: Ball 2-2: SINGLE (Line Drive, 6D, EV 102.5 MPH)
|
|
Batting: RHB Eduardo Camacho
|
0-0: Ball 1-0: Called Strike 1-1: Called Strike Greg Valenzuela steals 2nd base 1-2: Foul Ball, location: 2F 1-2: Foul Ball, location: 2F 1-2: Ball 2-2: Fly out, F8 (Flyball, 8RXD, EV 86.9 MPH) Runner from 2nd tags up, SAFE at 3rd, no throw by CF
|
|
Batting: LHB Freddy Troncoso
|
0-0: Ball 1-0: Foul Ball, location: 2F 1-1: Ball 2-1: Ball 3-1: SINGLE (Groundball, 6MD, EV 97.5 MPH) Greg Valenzuela scores
|
|
Batting: LHB Steve Gilliam
|
0-0: Ball 1-0: Foul Ball, location: 2F 1-1: Ball Freddy Troncoso steals 2nd base (no throw) 2-1: Ball 3-1: Foul Ball, location: 2F 3-2: Ground out 6-3 (Groundball, 6, EV 105.6 MPH)
|
|
Batting: RHB Justin Williams
|
0-0: Fly out, F7 (Flyball, 78M, EV 91.2 MPH)
|
| Bottom of the 7th over - 1 run, 2 hits, 0 errors, 1 left on base; Los Angeles 5 - Colorado 3 |
| TOP OF THE 8TH |
|
Los Angeles Dodgers batting - Pitching for Colorado Rockies : LHP Xu-gang Zhou
|
|
Pitching: RHP Jaden Mackey
|
|
|
Batting: RHB Clay Buchanan
|
0-0: Fly out, F9 (Line Drive, 9, EV 91.2 MPH)
|
|
Batting: LHB Steve Pond
|
0-0: Called Strike 0-1: Swinging Strike 0-2: Ball 1-2: Strikes out swinging
|
|
Batting: RHB Leonardo Nava
|
0-0: Ball 1-0: Ball 2-0: Foul Ball, location: 2F 2-1: DOUBLE (Line Drive, 7LS, EV 103.1 MPH)
|
|
Batting: RHB Theo Schepers
|
0-0: Ball 1-0: Ground out 4-3 (Groundball, 4, EV 102.5 MPH)
|
| Top of the 8th over - 0 runs, 1 hit, 0 errors, 1 left on base; Los Angeles 5 - Colorado 3 |
| BOTTOM OF THE 8TH |
|
Colorado Rockies batting - Pitching for Los Angeles Dodgers : RHP Balinda Msrah
|
|
Pitching: RHP Jon Harris
|
|
|
Batting: RHB Jason Andrews
|
0-0: Fly out, F3 (Popup, 3SF, EV 66.2 MPH)
|
|
Batting: RHB Sterling Acosta
|
0-0: Swinging Strike 0-1: Ball 1-1: Foul Ball, location: 2F 1-2: Foul Ball, location: 2F 1-2: Foul Ball, location: 2F 1-2: Strikes out swinging
|
|
Batting: RHB Kevin Tangeman
|
0-0: Ball 1-0: Ball 2-0: Called Strike 2-1: SINGLE (Groundball, 6D, EV 103.1 MPH)
|
|
Batting: SHB Chris Besselman
|
0-0: Foul Ball, location: 2F 0-1: Ball 1-1: Ball 2-1: Foul Ball, location: 2F 2-2: Strikes out swinging
|
| Bottom of the 8th over - 0 runs, 1 hit, 0 errors, 1 left on base; Los Angeles 5 - Colorado 3 |
| TOP OF THE 9TH |
|
Los Angeles Dodgers batting - Pitching for Colorado Rockies : RHP Jaden Mackey
|
|
Pitching: RHP Ricky Lopez
|
|
|
Batting: RHB Tim Nettles
|
0-0: Called Strike 0-1: Ground out 5-3 (Groundball, 56, EV 91.9 MPH)
|
|
Batting: LHB Darrell Ortega
|
0-0: Swinging Strike 0-1: Ball 1-1: Fly out, F9 (Flyball, 89S, EV 82.5 MPH)
|
|
Batting: LHB Juan Concepcion
|
0-0: Ball 1-0: Ball 2-0: Foul Ball, location: 2F 2-1: Ball 3-1: Called Strike 3-2: Foul Ball, location: 2F 3-2: Base on Balls
|
|
Batting: SHB Shane Marcum
|
0-0: Ball 1-0: Called Strike Juan Concepcion is caught stealing 2nd base 2-6
|
| Top of the 9th over - 0 runs, 0 hits, 0 errors, 0 left on base; Los Angeles 5 - Colorado 3 |
| BOTTOM OF THE 9TH |
|
Colorado Rockies batting - Pitching for Los Angeles Dodgers : RHP Jon Harris
|
|
Pitching: RHP Jon Schau
|
|
|
Batting: LHB Greg Valenzuela
|
0-0: Ball 1-0: Ground out 5-3 (Groundball, 56, EV 83.1 MPH)
|
|
Batting: RHB Eduardo Camacho
|
0-0: Ball 1-0: Ball 2-0: Swinging Strike 2-1: Foul Ball, location: 2F 2-2: Ball 3-2: DOUBLE (Line Drive, 89XD, EV 109.4 MPH)
|
|
Batting: LHB Freddy Troncoso
|
0-0: Ball 1-0: Ball 2-0: Ball 3-0: Base on Balls
|
|
Pinch Hitting: SHB Eddie Quinones
|
0-0: Foul Ball, location: 2F 0-1: Foul Ball, location: 2F 0-2: Strikes out swinging
|
|
Batting: LHB Mike Clark
|
0-0: 3-RUN HOME RUN (Flyball, 78XD, EV 114.4 MPH), Distance : 436 ft
|
| Bottom of the 9th over - 3 runs, 2 hits, 0 errors, 0 left on base; Los Angeles 5 - Colorado 6 |
|